 Dungeon Crawl Stone Soup version 0.31.0-32-g396128a36d (webtiles) character file.

Game seed: 3072840312516575288

1842 gohu the Thaumaturge (level 9, -1/57 HPs)
             Began as a Djinni Fire Elementalist on Mar 10, 2024.
             Slain by a killer bee (3 damage)
             ... on level 6 of the Dungeon.
             The game lasted 00:12:35 (5479 turns).

gohu the Thaumaturge (Djinni Fire Elementalist)     Turns: 5479, Time: 00:12:36

Health: -1/57      AC:  3    Str:  7    XL:     9   Next: 33%
Gold:   54         EV: 12    Int: 20    God:
                   SH:  0    Dex: 15

rFire   + + .        (no weapon)
rCold   x . .        (no shield)
rNeg    . . .        a - +0 robe
rPois   ∞            i - +1 hat
rElec   .            (no cloak)
rCorr   +            (no gloves)
SInv    .            (boots unavailable)
Will    .....        (no amulet)
Stlth   ++           j - ring of resist corrosion
HPRegen 0.29/turn    (no ring)
MPRegen 0.00/turn

%: infuse magic (-2 HP)
@: flying
A: sickness immunity, fire resistance 2, cold vulnerability 1, float, innate
caster, HP casting, extra vitality 1
a: no special abilities


You were on level 6 of the Dungeon.
You visited 1 branch of the dungeon, and saw 6 of its levels.

You collected 286 gold pieces.
You spent 232 gold pieces at shops.

Inventory:

Armour
 a - a +0 robe (worn)
 i - a +1 hat (worn)
Jewellery
 j - a ring of resist corrosion (left hand)
Wands
 n - a wand of mindburst (13)
 q - a wand of iceblast (6)
Scrolls
 b - a scroll of torment {unknown}
 c - 4 scrolls of poison
 d - 3 scrolls of teleportation
 f - 3 scrolls of fog
 g - 2 scrolls of brand weapon
 h - 2 scrolls of enchant armour
 m - 2 scrolls of blinking
 r - a scroll of immolation
 s - 2 scrolls of noise {unknown}
 t - a scroll of revelation
Potions
 e - 4 potions of heal wounds
 k - 2 potions of curing
 l - 2 potions of might
 o - a potion of haste
 p - a potion of magic


   Skills:
 * Level 1.5 Fighting
 + Level 2.5 Dodging
 - Level 1.5 Stealth
 + Level 9.4 Spellcasting
 + Level 9.4 Conjurations
 + Level 9.4 Hexes
 + Level 9.4 Summonings
 + Level 9.4 Necromancy
 + Level 9.4 Translocations
 + Level 9.4 Fire Magic
 + Level 9.4 Ice Magic
 + Level 9.4 Air Magic
 + Level 9.4 Earth Magic
 + Level 9.4 Alchemy


You knew the following spells:

 Your Spells              Type           Power      Damage    Failure   Level
a - Foxfire               Conj/Fire      100%       2x1d9     1%          1
b - Scorch                Fire           94%        2d8       1%          2
c - Volatile Blastmotes   Fire/Tloc      94%        2d17      1%          3
d - Inner Flame           Hex/Fire       47%        N/A       1%          3
e - Flame Wave            Conj/Fire      47%        2d12      1%          4
f - Freeze                Ice            100%       1d10      1%          1
g - Ensorcelled Hibernat  Hex/Ice        94%        N/A       1%          2
h - Blink                 Tloc           94%        N/A       1%          2
i - Passage of Golubria   Tloc           47%        N/A       1%          4
Your spell library was empty.

Dungeon Overview and Level Annotations

Branches:
Dungeon (6/15)
 Temple: D:4-7

Altars:
Cheibriados

Shops:
D:4 *?[*(   D:5 *


Innate Abilities, Weirdness & Mutations

You are immune to sickness and miasma.
You are immune to poison.
Your flesh is very heat resistant. (rF++)
You are vulnerable to cold. (rC-)
You float through the air rather than walking.
You learn spells naturally, not from books.
Your magical power is your life essence.
You have superior vitality. (+4 MHP)


Message History

The killer bee is moderately wounded.
The killer bee's fire resistance burns away.
The killer bee barely misses you. The killer bee barely misses you.
The killer bee closely misses you. The killer bee stings you.
The killer bee barely misses you.
Casting: Scorch (safe; 1% risk of failure)
Confirm with . or Enter, or press ? or * to list all spells.
Flames lash the killer bee.
The killer bee is burned terribly!
You kill the killer bee!
The killer bee buzzes angrily.
The killer bee closely misses you. The killer bee barely misses you.
The killer bee is no longer more vulnerable to fire.
The killer bee closely misses you. x3; The killer bee stings you.
Casting: Scorch (safe; 1% risk of failure)
Confirm with . or Enter, or press ? or * to list all spells.
Flames lash the killer bee.
The killer bee is severely wounded.
The killer bee's fire resistance burns away.
The killer bee stings you. The killer bee barely misses you. x2
The killer bee stings you!
* * * LOW HITPOINT WARNING * * *
The killer bee stings you.
* * * LOW HITPOINT WARNING * * *
The killer bee barely misses you. The killer bee misses you.
The killer bee stings you but does no damage.
Casting: Scorch (safe; 1% risk of failure)
Confirm with . or Enter, or press ? or * to list all spells.
Flames lash the killer bee.
The killer bee is heavily wounded.
The killer bee's fire resistance burns away.
* * * LOW HITPOINT WARNING * * *
The killer bee stings you but does no damage.
The killer bee barely misses you.
The killer bee stings you but does no damage.
The killer bee misses you. The killer bee closely misses you.
The killer bee barely misses you. The killer bee stings you.
* * * LOW HITPOINT WARNING * * *
The killer bee stings you.
You die...

.... ... #.. ..## ##.#
#(.)# #.)###..# #.)#<..#
##### ##>)...### ####y..#
#).##....# #ol..#.####
#.#...##.#####
#.y####y...###@..###......#
).o.# ####)).yy...##......#
.o## ######..##.........# .
#.......#####......#
#.....### #......# #######
#......# #......# #......#
#......#


You could see 2 killer bees.

Vanquished Creatures
  Grinder (D:4)
  Menkaure (D:5)
  A water moccasin (D:5)
  A black bear (D:5)
  3 ogres (D:5)
  4 phantoms (D:5)
  Blork the orc (D:4)
  2 scorpions
  A killer bee (D:6)
  A bombardier beetle (D:5)
  2 jellies
  A hound (D:3)
  4 orc priests
  2 sleepcaps (D:4)
  An iguana (D:6)
  Ijyb (D:4)
  3 orc wizards
  6 adders
  2 dart slugs
  A ribbon worm (D:2)
  13 orcs
  13 ball pythons
  4 bats
  5 endoplasms
  3 giant cockroaches
  3 goblins
  8 hobgoblins
  9 kobolds
  3 quokkas
  4 frilled lizards
  4 rats
108 creatures vanquished.

Vanquished Creatures (others)
  273 foxfires
273 creatures vanquished.

Grand Total: 381 creatures vanquished

Notes
Turn   | Place    | Note
-------+----------+-------------------------------------------
     0 | D:1      | gohu the Djinni Fire Elementalist began the quest for the
                  | Orb.
     0 | D:1      | gohu set off with the following spells memorised: Foxfire,
                  | Scorch, Volatile Blastmotes, Inner Flame, Flame Wave.
     0 | D:1      | Reached XP level 1. HP: 15/15 MP: 0/0
   141 | D:1      | Reached XP level 2. HP: 19/21 MP: 0/0
   790 | D:1      | Reached XP level 3. HP: 24/25 MP: 0/0
   790 | D:1      | Learned a level 1 spell: Freeze
  1545 | D:3      | Reached XP level 4. HP: 30/31 MP: 0/0
  2195 | D:4      | Reached XP level 5. HP: 33/35 MP: 0/0
  2195 | D:4      | Learned a level 2 spell: Ensorcelled Hibernation
  2276 | D:4      | Found Zuazukask's General Store.
  2291 | D:4      | Found a snail-covered altar of Cheibriados.
  2292 | D:4      | Bought a potion of curing for 39 gold pieces
  2292 | D:4      | Bought a scroll of identify for 26 gold pieces
  2292 | D:4      | Bought a scroll of identify for 26 gold pieces
  2292 | D:4      | Bought a scroll of identify for 26 gold pieces
  2312 | D:4      | Noticed Blork the orc
  2325 | D:4      | Killed Blork the orc
  2326 | D:4      | Reached skill level 5 in Spellcasting
  2326 | D:4      | Reached skill level 5 in Conjurations
  2326 | D:4      | Reached skill level 5 in Hexes
  2326 | D:4      | Reached skill level 5 in Summonings
  2326 | D:4      | Reached skill level 5 in Necromancy
  2326 | D:4      | Reached skill level 5 in Translocations
  2326 | D:4      | Reached skill level 5 in Fire Magic
  2326 | D:4      | Reached skill level 5 in Ice Magic
  2326 | D:4      | Reached skill level 5 in Air Magic
  2326 | D:4      | Reached skill level 5 in Earth Magic
  2326 | D:4      | Reached skill level 5 in Alchemy
  2326 | D:4      | Reached XP level 6. HP: 33/40 MP: 0/0
  2573 | D:4      | Found Wewugeps's Armour Emporium.
  2594 | D:4      | Found Soataa's Antique Weapon Shoppe.
  2669 | D:4      | Noticed Ijyb
  2697 | D:4      | Killed Ijyb
  2954 | D:4      | Found Ufighomn's Magic Scroll Emporium.
  2960 | D:4      | Bought a scroll of teleportation for 33 gold pieces
  3145 | D:4      | Noticed Grinder
  3162 | D:4      | Killed Grinder
  3163 | D:4      | Reached XP level 7. HP: 26/45 MP: 0/0
  3163 | D:4      | Learned a level 2 spell: Blink
  3328 | D:4      | Found Bipioqui's Assorted Antiques.
  3548 | D:5      | Entered Level 5 of the Dungeon
  3557 | D:5      | Found Vasaoh's Lightly-Used Armoury.
  3604 | D:5      | Noticed Menkaure
  3609 | D:5      | Killed Menkaure
  3610 | D:5      | Reached XP level 8. HP: 48/50 MP: 0/0
  4451 | D:5      | Reached XP level 9. HP: 52/55 MP: 0/0
  4451 | D:5      | Learned a level 4 spell: Passage of Golubria
  5271 | D:4      | Bought a scroll of revelation for 82 gold pieces
  5457 | D:6      | Reached skill level 1 in Fighting
  5479 | D:6      | HP: 2/57 [killer bee (6)]
  5479 | D:6      | Slain by a killer bee

Illustrated notes

Levels and vault maps discovered:
D:1:      eino_arrival_tree_alley, layout_loops_ring, minmay_misc_feat_rugged
D:2:      layout_rooms, reono_crystal_passage, minivault_25
D:3:      layout_basic
D:4:      layout_loops_ring, cheibriados_altar_1, serial_shops,
          nicolae_stop_n_shop_1, shop, kennysheep_mini, shop,
          kennysheep_little_box, uniq_ijyb, uniq_grinder, uniq_blork_the_orc
D:5:      minmay_razor_zed, layout_loops_corners, minmay_shop_damaged,
          hangedman_decor_peaks_small, kennysheep_generic_room_5, uniq_menkaure
D:6:      layout_rooms, lemuel_temple_firewalk_b

Skill      XL: |  1  2  3  4  5  6  7  8  9 |
---------------+----------------------------+-----
Spellcasting   | 4 5 6 7 8 9 |  9.4
Conjurations   | 4 5 6 7 8 9 |  9.4
Hexes          | 4 5 6 7 8 9 |  9.4
Summonings     | 4 5 6 7 8 9 |  9.4
Necromancy     | 4 5 6 7 8 9 |  9.4
Translocations | 4 5 6 7 8 9 |  9.4
Fire Magic     | 4 5 6 7 8 9 |  9.4
Ice Magic      | 4 5 6 7 8 9 |  9.4
Air Magic      | 4 5 6 7 8 9 |  9.4
Earth Magic    | 4 5 6 7 8 9 |  9.4
Alchemy        | 4 5 6 7 8 9 |  9.4
Fighting       | 1 |  1.5
Dodging        | |  2.5
Stealth        | |  1.5

Action                     |  1- 3 |  4- 6 |  7- 9 || total
---------------------------+-------+-------+-------++-------
   Cast: Foxfire           |    96 |    37 |    43 ||   176
         Scorch            |     6 |    11 |    34 ||    51
         Volatile Blastmot |       |    16 |    23 ||    39
         Passage of Golubr |       |       |     5 ||     5
    Use: Scroll            |       |     8 |     3 ||    11
 Armour: Robe              |     8 |     5 |    36 ||    49
  Dodge: Dodged            |     5 |     5 |    30 ||    40
